 Dungeon Sprint DCSS version 0.22-a0-456-g11ed031 (webtiles) character file.

2291 Kidiri the Fighter (level 9, 0/75 HPs)
             Began as a Demonspawn Transmuter on June 6, 2018.
             Was an Elder of Sif Muna.
             Slain by a centaur warrior (8 damage)
             ... in the Dungeon (Sprint IX: "|||||||||||||||||||||||||||||").
             The game lasted 00:05:25 (1367 turns).

Kidiri the Fighter (Demonspawn Transmuter)          Turns: 1367, Time: 00:05:25

Health: 0/75       AC:  5    Str: 13    XL:     9   Next: 17%
Magic:  13/18      EV: 17    Int: 17    God:    Sif Muna [****..]
Gold:   0          SH:  0    Dex: 19    Spells: 5/20 levels left

rFire    . . .     SeeInvis .     - Unarmed
rCold    . . .     Gourm    .   (no shield)
rNeg     . . .     Faith    .   b - +0 robe
rPois    .         Spirit   .   (helmet restricted)
rElec    .         Reflect  .   m - +0 cloak
rCorr    .         Harm     .   (no gloves)
MR       .....     NoTele   +   (no boots)
Stlth    ++++......             (no amulet)
HPRegen  0.22/turn              p - +2 ring of protection
MPRegen  0.16/turn              q - +3 ring of intelligence

@: no status effects
A: horns 2, thin skeletal structure 2, demonic guardian 1
a: Divine Energy, Channel Magic, Forget Spell, Renounce Religion


You were in the Dungeon.
You worshipped Sif Muna.
Sif Muna was greatly pleased with you.
You were not hungry.

You visited 1 branch

Inventory:

Missiles
 a - 9 arrows
Armour
 b - a +0 robe (worn)
 m - a +0 cloak (worn)
 n - a +0 helmet
 o - a +1 scale mail of positive energy
Jewellery
 p - a +2 ring of protection (left hand)
 q - a +3 ring of intelligence (right hand)
Wands
 l - a wand of acid (6)
Scrolls
 i - 3 scrolls of remove curse
 j - 2 scrolls of blinking
 k - 2 scrolls of amnesia
Potions
 h - 4 potions of magic
Comestibles
 d - a ration


   Skills:
 * Level 8.9 Fighting
 + Level 5.5 Armour
 + Level 6.1 Dodging
 + Level 6.0 Stealth
 * Level 8.6 Unarmed Combat
 + Level 6.0 Spellcasting
 * Level 8.4 Transmutations
 + Level 4.5 Ice Magic
 + Level 5.0 Poison Magic


You had 5 spell levels left.
You knew the following spells:

 Your Spells              Type           Power        Failure   Level  Hunger
a - Beastly Appendage     Tmut           ####..       1%          1    None
b - Sticks to Snakes      Tmut           ####....     1%          2    None
c - Spider Form           Tmut/Pois      ####......   2%          3    ##.....
d - Ice Form              Ice/Tmut       ####....     9%          4    ####...
e - Blade Hands           Tmut           ####......   11%         5    #####..

Your spell library contained the following spells:

 Spells                   Type           Power        Failure   Level  Hunger


Dungeon Overview and Level Annotations

Branches:
Dungeon (1/1)

Altars:
Cheibriados
Dithmenos
Elyvilon
Fedhas
Gozag
Hepliaklqana
Kikubaaqudgha
Makhleb
Nemelex Xobeh
Okawaru
Qazlal
Ru
Sif Muna
Trog
Uskayaw
Vehumet
Wu Jian
Xom
Yredelemnul
Zin
The Shining One
Beogh
Jiyva
Lugonu


Innate Abilities, Weirdness & Mutations

You have a pair of horns on your head.
You have a moderately thin skeletal structure. (Dex +4, Stealth+)
A weak demonic guardian rushes to your aid.


Message History

You see here an arrow.
The centaur warrior shoots an arrow.
The arrow hits you!
* * * LOW HITPOINT WARNING * * *
You see here an arrow.
Unknown command.
You close the door.
A centaur warrior opens the door.
You close the door.
A centaur warrior opens the door.
There's a creature in the doorway!
Okay, then.
Unknown command.
Casting: Ice Form (safe; 9% risk of failure)
Confirm with . or Enter, or press ? or * to list all spells.
You miscast Blade Hands.
Sif Muna protects you from the effects of your miscast!
The centaur warrior unwields an uncursed shortbow.
The centaur warrior closely misses you.
You barely miss the centaur warrior. You headbutt the centaur warrior!
The centaur warrior is lightly wounded.
The centaur warrior hits you!
You die...

▓.▓
▓)▓
▓'▓
▓[▓
▓.▓
▓.▓
▓(▓
▓(▓
▓@▓
▓c▓
▓.▓
▓.▓
▓.▓
▓.▓
▓.▓
▓.▓
▓+▓


You could see a centaur warrior.

Vanquished Creatures
  A hydra (D)
  A two-headed ogre (D)
  A gargoyle (D)
  A troll (D)
  A yak (D)
  An orc warrior (D)
  A phantom (D)
  2 bullfrogs (D)
  A wight (D)
  A crimson imp (D)
  A quasit (D)
  An orc wizard (D)
  An orc (D)
  A giant cockroach (D)
  A hobgoblin (D)
  A jackal (D)
  A quokka (D)
  A ball python (D)
  A jackal skeleton (D)
  A rat (D)
21 creatures vanquished.

Notes
Turn   | Place    | Note
-------+----------+-------------------------------------------
     0 | D        | Kidiri the Demonspawn Transmuter began the quest for the Orb.
     0 | D        | Reached XP level 1. HP: 15/15 MP: 3/3
    22 | D        | Noticed a crimson imp
    22 | D        | Noticed an orc wizard
    22 | D        | Noticed a phantom
    43 | D        | Killed an orc wizard
    43 | D        | Reached skill level 1 in Armour
    43 | D        | Reached skill level 1 in Stealth
    43 | D        | Gained mutation: You have a somewhat thin skeletal structure. (Dex +2, Stealth) [demonic ancestry]
    43 | D        | Reached XP level 2. HP: 20/23 MP: 1/5
    43 | D        | Gained mutation: You have a moderately thin skeletal structure. (Dex +4, Stealth+) [demonic ancestry]
    43 | D        | Reached XP level 3. HP: 24/28 MP: 1/7
    47 | D        | Killed a phantom
    47 | D        | Gained mutation: A weak demonic guardian rushes to your aid. [demonic ancestry]
    47 | D        | Reached XP level 4. HP: 21/37 MP: 1/8
    53 | D        | Reached XP level 5. HP: 25/43 MP: 2/10
   240 | D        | Found a roughly hewn altar of Beogh.
   240 | D        | Found a snail-covered altar of Cheibriados.
   240 | D        | Found a shadowy altar of Dithmenos.
   240 | D        | Found a white marble altar of Elyvilon.
   240 | D        | Found a blossoming altar of Fedhas.
   240 | D        | Found an opulent altar of Gozag.
   241 | D        | Found a hazy altar of Hepliaklqana.
   242 | D        | Found a viscous altar of Jiyva.
   243 | D        | Found an ancient bone altar of Kikubaaqudgha.
   244 | D        | Found a corrupted altar of Lugonu.
   245 | D        | Found a burning altar of Makhleb.
   246 | D        | Found a sparkling altar of Nemelex Xobeh.
   247 | D        | Found an iron altar of Okawaru.
   248 | D        | Found a stormy altar of Qazlal.
   249 | D        | Found a sacrificial altar of Ru.
   250 | D        | Found a deep blue altar of Sif Muna.
   251 | D        | Found a bloodstained altar of Trog.
   252 | D        | Found a hide-covered altar of Uskayaw.
   253 | D        | Found a radiant altar of Vehumet.
   254 | D        | Found an ornate altar of the Wu Jian Council.
   255 | D        | Found a shimmering altar of Xom.
   256 | D        | Found a basalt altar of Yredelemnul.
   257 | D        | Found a glowing silver altar of Zin.
   258 | D        | Became a worshipper of Sif Muna the Loreminder
   262 | D        | Learned a level 2 spell: Sticks to Snakes
   266 | D        | Learned a level 3 spell: Spider Form
   271 | D        | Learned a level 4 spell: Ice Form
   271 | D        | Found a glowing golden altar of the Shining One.
   333 | D        | Noticed a troll
   333 | D        | Noticed an orc warrior
   333 | D        | Noticed a two-headed ogre
   341 | D        | Killed a troll
   341 | D        | Reached * piety under Sif Muna
   341 | D        | Reached skill level 5 in Fighting
   341 | D        | Reached skill level 5 in Unarmed Combat
   341 | D        | Reached skill level 5 in Transmutations
   341 | D        | Reached skill level 1 in Ice Magic
   341 | D        | Gained mutation: You have a pair of small horns on your head. [demonic ancestry]
   341 | D        | Reached XP level 6. HP: 36/52 MP: 7/12
   640 | D        | Killed a two-headed ogre
   640 | D        | Reached ** piety under Sif Muna
   640 | D        | Reached skill level 5 in Dodging
   640 | D        | Reached skill level 5 in Spellcasting
   640 | D        | Reached XP level 7. HP: 27/60 MP: 1/14
   652 | D        | Reached skill level 5 in Stealth
   652 | D        | Gained mutation: You have a pair of horns on your head. [demonic ancestry]
   652 | D        | Reached XP level 8. HP: 30/67 MP: 2/15
   919 | D        | Learned a level 5 spell: Blade Hands
   926 | D        | Noticed an eight-headed hydra
   926 | D        | Noticed a gargoyle
   926 | D        | Noticed a centaur warrior
  1080 | D        | Killed an eight-headed hydra
  1080 | D        | Reached *** piety under Sif Muna
  1080 | D        | Reached skill level 5 in Armour
  1085 | D        | Killed a gargoyle
  1085 | D        | Reached skill level 5 in Poison Magic
  1085 | D        | Reached XP level 9. HP: 33/75 MP: 10/17
  1090 | D        | Reached **** piety under Sif Muna
  1367 | D        | Slain by a centaur warrior

Vault maps used:
D:        linesprint

Skill      XL: |  1  2  3  4  5  6  7  8  9 |
---------------+----------------------------+-----
Transmutations | 3 4 5 7 8 |  8.4
Dodging        | 2 3 4 5 6 |  6.1
Unarmed Combat | 3 4 5 7 8 |  8.6
Fighting       | 2 4 5 7 8 |  8.9
Armour         | 1 2 3 4 5 |  5.5
Stealth        | 1 2 3 4 5 6 |  6.0
Spellcasting   | 3 4 5 6 |  6.0
Ice Magic      | 1 3 4 |  4.5
Poison Magic   | 2 3 5 |  5.0

Action                   |  1- 3 |  4- 6 |  7- 9 || total
-------------------------+-------+-------+-------++-------
Melee: Unarmed           |    25 |    22 |    36 ||    83
       Kick              |     7 |     1 |       ||     8
       Headbutt          |       |       |     2 ||     2
 Cast: Beastly Appendage |     4 |       |       ||     4
       Ice Form          |       |     2 |     1 ||     3
       Sticks to Snakes  |       |       |     2 ||     2
       Blade Hands       |       |       |     1 ||     1
Evoke: Wand              |       |       |     4 ||     4
  Use: Potion            |     3 |     4 |     4 ||    11
 Stab: Distracted        |       |     1 |       ||     1
       Invisible         |       |     2 |       ||     2
  Eat: Chunk             |       |       |     3 ||     3
Armor: Robe              |     4 |       |     1 ||     5
       Skin              |       |     1 |    13 ||    14
Dodge: Dodged            |    11 |    12 |    39 ||    62

Table legend:
 A = Spawn XP
 B = Non-spawn XP
 C = Spawn XP percentage of total XP
 D = Spawn monster count
 E = Non-spawn monster count
 F = Spawn count percentage of total count
 G = Total turns spent on level
                    A         B        C        D         E        F      G
               +---------+---------+-------+---------+---------+-------+---------
         Total |       0 |    3273 |   0.0 |       0 |      21 |   0.0 |  1367
               +---------+---------+-------+---------+---------+-------+---------
             D |       0 |    3273 |   0.0 |       0 |      21 |   0.0 |  1367
               +---------+---------+-------+---------+---------+-------+---------
